 Dungeon Crawl Stone Soup version 0.29-a0-1065-g47a6bb87d6 (webtiles) character file.

Game seed: 16957037944024299560

404 Newt the Skirmisher (level 7, -1/41 HPs)
             Began as a Kobold Hunter on Aug 18, 2022.
             Slain by an iguana (10 damage)
             ... on level 5 of the Dungeon.
             The game lasted 00:06:32 (3911 turns).

Newt the Skirmisher (Kobold Hunter)                 Turns: 3911, Time: 00:06:33

Health: -1/41      AC:  4    Str: 15    XL:     7   Next: 12%
Magic:  7/7        EV: 15    Int:  9    God:
Gold:   677        SH:  0    Dex: 17    Spells: 6/6 levels left

rFire   . . .      SeeInvis .   a - +0 shortbow
rCold   . . .      Faith    .   (shield currently unavailable)
rNeg    . . .      Spirit   .   c - +1 leather armour
rPois   .          Reflect  .   (no helmet)
rElec   .          Harm     .   (no cloak)
rCorr   .          Rampage  .   (no gloves)
Will    .....                   (no boots)
Stlth   +++.......              g - amulet of magic regeneration
HPRegen 0.13/turn               (no ring)
MPRegen 0.50/turn               (no ring)

@: mighty, unable to drink
A: small, no large weapons, nightstalker 3, hooves 1, strong 1, inability to
drink after injury 1
a: no special abilities


You were on level 5 of the Dungeon.
You visited 1 branch of the dungeon, and saw 5 of its levels.

You collected 677 gold pieces.

Inventory:

Hand Weapons
 a - a +0 shortbow (weapon)
Armour
 c - a +1 leather armour (worn)
Jewellery
 g - an amulet of magic regeneration (around neck)
Scrolls
 b - a scroll of immolation
 j - a scroll of vulnerability
Potions
 d - a potion of attraction {unknown}
 e - 2 potions of curing {unknown}
 f - a potion of invisibility {unknown}
 i - 2 potions of mutation
 k - a potion of might
 l - a potion of brilliance {unknown}
 n - a potion of ambrosia {unknown}


   Skills:
 + Level 3.3 Fighting
 - Level 9.0 Ranged Weapons
 - Level 4.0 Dodging
 - Level 3.0 Stealth


You had 6 spell levels left.
You didn't know any spells.
Your spell library contained the following spells:

 Spells                   Type           Power      Damage    Failure   Level
 Conjure Ball Lightning   Conj/Air       0%         3x3d6     100%        6
 Borgnjor's Revivificati  Necr           0%         N/A       100%        8
 Discord                  Hex            0%         N/A       100%        8
 Disjunction              Tloc           0%         N/A       100%        8
 Necromutation            Tmut/Necr      0%         N/A       100%        8
 Death's Door             Necr           0%         N/A       100%        9


Dungeon Overview and Level Annotations

Branches:
Dungeon (5/15)
 Temple: D:4-7

Altars:
Fedhas
Makhleb
Wu Jian
Yredelemnul
Zin


Innate Abilities, Weirdness & Mutations

You are small and have problems with some larger weapons.
You are completely attuned to the shadows.
You have large cloven feet.
Your muscles are strong. (Str +4, Int/Dex -1)
You occasionally lose the ability to drink potions when taking damage.


Message History

The iguana bites you!
* * * LOW HITPOINT WARNING * * *
Fire: a) +0 shortbow
Press: ? - help, Shift-Dir - straight line, f/p - iguana
Aim: an iguana (lightly wounded, 69% to hit)
You shoot an arrow. The arrow hits the iguana!
The iguana is heavily wounded.
The iguana barely misses you.
Unknown command.
It was a potion of mutation.
You feel extremely strange.
You feel stronger.
You occasionally lose the ability to drink potions when taking damage.
Your feet thicken and deform.
The iguana closely misses you.
It was a potion of might.
You feel very mighty all of a sudden.
The iguana bites you but does no damage.
Fire: a) +0 shortbow
Press: ? - help, Shift-Dir - straight line, f/p - iguana
Aim: an iguana (heavily wounded, 69% to hit)
You shoot an arrow. The arrow barely misses the iguana.
The arrow hits the orc.
The orc is almost dead.
The iguana barely misses you.
Unknown command.
Fire: a) +0 shortbow
Press: ? - help, Shift-Dir - straight line, f/p - iguana
Aim: an iguana (heavily wounded, 69% to hit)
You shoot an arrow. The arrow hits the iguana.
The iguana is severely wounded.
The iguana completely misses you.
Unknown command.
Fire: a) +0 shortbow
Press: ? - help, Shift-Dir - straight line, f/p - iguana
Aim: an iguana (severely wounded, 69% to hit)
You shoot an arrow.
The arrow hits the iguana but does no damage.
The iguana is severely wounded.
The iguana bites you!
You feel threatened and lose the ability to drink potions!
You die...

#.# # #.#.#.. #.#.#.. #.
####...#.# ... . ....<# #.#
#..####'# ########.#
#.'o.).. .........######
###.#...
#####.........########l# _.
................@lo..#.#...
..###.........######.'.....
..#.......##### #.#####+#
..........# #. ..........
.. ..#..... .##.....
.##..... ###.....


You could see an iguana and an orc.

Vanquished Creatures
  A phantom (D:3)
  A necrophage (D:5)
  A jelly (D:5)
  An orc priest (D:3)
  An iguana (D:5)
  4 adders
  4 gnolls (D:4)
  2 worms (D:3)
  A dart slug (D:3)
  11 orcs
  7 ball pythons
  11 endoplasms
  6 giant cockroaches
  8 goblins
  5 hobgoblins
  8 jackals
  A quokka (D:1)
  10 bats
  4 frilled lizards (D:3)
  6 kobolds
  4 rats
  A spectral orc (D:4)
98 creatures vanquished.

Notes
Turn   | Place    | Note
-------+----------+-------------------------------------------
     0 | D:1      | Newt the Kobold Hunter began the quest for the Orb.
     0 | D:1      | Reached XP level 1. HP: 12/12 MP: 1/1
     8 | D:1      | Noticed an iguana
     8 | D:1      | Noticed a ragged hierophant
    81 | D:1      | Reached XP level 2. HP: 17/17 MP: 2/2
   372 | D:1      | Found a faded altar of an unknown god.
   433 | D:1      | Reached XP level 3. HP: 21/21 MP: 3/3
   523 | D:1      | Reached skill level 6 in Ranged Weapons
   780 | D:1      | Noticed an ettin
  1013 | D:2      | Reached XP level 4. HP: 26/26 MP: 4/4
  1210 | D:2      | Reached skill level 7 in Ranged Weapons
  1536 | D:3      | Found a glowing silver altar of Zin.
  1664 | D:3      | Noticed a phantom
  1682 | D:3      | Killed a phantom
  1683 | D:3      | Reached XP level 5. HP: 18/30 MP: 5/5
  1979 | D:3      | Reached XP level 6. HP: 6/35 MP: 6/6
  2442 | D:3      | Reached skill level 8 in Ranged Weapons
  2669 | D:4      | Found a basalt altar of Yredelemnul.
  2803 | D:4      | Found a burning altar of Makhleb.
  3123 | D:4      | Found an ornate altar of the Wu Jian Council.
  3702 | D:5      | Entered Level 5 of the Dungeon
  3706 | D:5      | Identified a scroll of acquirement
  3706 | D:5      | Acquired 563 gold pieces
  3861 | D:5      | Reached skill level 9 in Ranged Weapons
  3863 | D:5      | Found a blossoming altar of Fedhas.
  3876 | D:5      | Reached XP level 7. HP: 36/41 MP: 7/7
  3907 | D:5      | Gained mutation: Your muscles are strong. (Str +4, Int/Dex
                  | -1) [potion of mutation]
  3907 | D:5      | Gained mutation: You occasionally lose the ability to drink
                  | potions when taking damage. [potion of mutation]
  3907 | D:5      | Gained mutation: You have large cloven feet. [potion of
                  | mutation]
  3911 | D:5      | Slain by an iguana

Illustrated notes

Levels and vault maps discovered:
D:1:      onia_arrival_zoo_common, layout_rooms, nicolae_ecumenical_lake_church
D:2:      layout_rooms
D:3:      layout_rooms, zin_scriptorium, nicolae_hexahallways,
          corexii_leaking_fountain, minmay_misc_feat_chi
D:4:      layout_loops_ring, mainiacjoe_overflow_alcove_1,
          nicolae_wu_jian_wuxing_cycle, yredelemnul_forgotten_temple_becter,
          chequers_serial_rivers_small_a, nrook_loot_triangle
D:5:      minmay_diamond_boxcup, layout_basic,
          mainiacjoe_overflow_six_doors_small, enter_ossuary_4,
          minmay_misc_feat_plants, uniq_crazy_yiuf_cottage, uniq_duvessa

Skill      XL: |  1  2  3  4  5  6 |
---------------+-------------------+-----
Stealth        | 2 3 |  3.0
Ranged Weapons | 6 7 9 |  9.0
Dodging        | 4 |  4.0
Fighting       | 3 |  3.3

Action                   |  1- 3 |  4- 6 |  7- 9 || total
-------------------------+-------+-------+-------++-------
 Fire: Shortbow          |    83 |   183 |    17 ||   283
  Use: Scroll            |       |     4 |     1 ||     5
       Potion            |       |     2 |     2 ||     4
Armor: Leather armour    |     9 |     7 |     2 ||    18
Dodge: Dodged            |    37 |    70 |    12 ||   119

Table legend: (Time is in decaauts)
 A = Elapsed time spent in this place.
 B = Non-inter-level travel time spent in this place.
 C = Inter-level travel time spent in this place.
 D = Time resting spent in this place.
 E = Time spent auto-exploring this place.
 F = Levels seen in this place.
 G = Mean time per level.
                   A        B        C        D        E       F      G
               +--------+--------+--------+--------+--------+-----+--------+
         Total |   3968 |   3866 |    102 |    611 |   2694 |   5 |  793.6 |
       Dungeon |   3968 |   3866 |    102 |    611 |   2694 |   5 |  793.6 |
               +--------+--------+--------+--------+--------+-----+--------+

Top non-repeatable levels by time:
     D:3: 1171 daAuts
     D:4: 1051 daAuts
     D:1: 898 daAuts
     D:2: 634 daAuts
     D:5: 212 daAuts
